 Dungeon Crawl Stone Soup version 0.28.0-62-gf88900778d (webtiles) character file.

Game seed: 16112394411540210079

938 infinitevox the Skirmisher (level 7, -1/55 (56) HPs)
             Began as a Demonspawn Wanderer on Apr 12, 2023.
             Was a Priest of Vehumet.
             Slain by Crazy Yiuf
             ... wielding a +3 quarterstaff of chaos
              (10 damage)
             ... on level 5 of the Dungeon.
             The game lasted 00:23:21 (4277 turns).

infinitevox the Skirmisher (Demonspawn Wanderer)    Turns: 4277, Time: 00:23:22

HP:   -1/55 (56)    AC:  7    Str: 13    XL:     7   Next: 87%
MP:   5/11          EV: 14    Int: 14    God:    Vehumet [***...]
Gold: 136           SH:  0    Dex: 19    Spells: 5/12 levels left

rFire   + + .      SeeInvis .   k - +1 quarterstaff (spect)
rCold   + . .      Faith    .   (shield currently unavailable)
rNeg    . . .      Spirit   .   d - +2 robe {rC+ rF+}
rPois   .          Reflect  .   b - +0 helmet
rElec   .          Harm     .   (no cloak)
rCorr   .          Rampage  .   i - +0 pair of gloves
Will    .....                   (no boots)
Stlth   ++........              (no amulet)
HPRegen 0.18/turn               j - ring of protection from fire
MPRegen 0.24/turn               p - +6 ring of dexterity

@: very slightly contaminated, lightly drained
A: foul stench 1, magic regeneration, sharp scales 1, demonic touch 1
a: Renounce Religion


You were on level 5 of the Dungeon.
You worshipped Vehumet.
Vehumet was most pleased with you.
You visited 1 branch of the dungeon, and saw 6 of its levels.

You collected 136 gold pieces.

Inventory:

Hand Weapons
 a - a +2 short sword of flaming
 k - a +1 spectral quarterstaff (weapon)
Armour
 b - a +0 helmet (worn)
 d - a +2 robe of resistance (worn)
 i - a +0 pair of gloves (worn)
 s - a +4 chain mail
Jewellery
 j - a ring of protection from fire (left hand)
 p - a +6 ring of dexterity (right hand)
 r - a ring of fire
Wands
 q - a wand of flame (19)
Scrolls
 c - a scroll of identify
 e - a scroll of brand weapon
 g - a scroll of immolation {unknown}
 n - 2 scrolls of amnesia
Potions
 o - 2 potions of mutation


   Skills:
 - Level 5.0 Fighting
 - Level 3.0 Short Blades
 + Level 2.5 Armour
 - Level 4.0 Dodging
 + Level 2.4 Unarmed Combat
 - Level 3.0 Spellcasting
 - Level 2.0 Poison Magic
 - Level 1.2 Invocations
 + Level 2.7 Evocations


You had 5 spell levels left.
You knew the following spells:

 Your Spells              Type           Power      Damage    Failure   Level
a - Sting                 Tmut/Pois      16%        1d3       14%         1
b - Freeze                Ice            8%         1d3       6%          1
c - Shock                 Conj/Air       8%         1d3       6%          1
d - Sticky Flame          Conj/Fire      2%         2d3       45%         4

Your spell library contained the following spells:

 Spells                   Type           Power      Damage    Failure   Level
 Animate Skeleton         Necr           4%         N/A       22%         1
 Pain                     Necr           8%         1d4       22%         1
 Spider Form              Tmut/Pois      4%         N/A       38%         3
 Vampiric Draining        Necr           2%         2d6       54%         3


Dungeon Overview and Level Annotations

Branches:
Dungeon (6/15)
 Temple: D:4-7

Altars:
Vehumet

Annotations:
D:5 Crazy Yiuf


Innate Abilities, Weirdness & Mutations

You may rarely emit foul miasma when damaged in melee.
You regenerate magic rapidly.
You are partially covered in razor-sharp scales. (AC +1, Slay +1)
Your touch may inflict minor irresistible damage on your foes.


Message History

You miscast Sting.
You are very lightly contaminated with residual magic.
Nothing appears to happen.
Crazy Yiuf cries, "Action!
Lay dark Xom."
Casting: Sting (safe; 14% risk of failure)
Confirm with . or Enter, or press ? or * to list all spells.
Aiming: Freeze (safe; 6% risk of failure)
Press: ? - help, Shift-Dir - straight line, f/p - Crazy Yiuf
Aim: Crazy Yiuf, wielding a +3 quarterstaff of chaos and wearing a +0 cloak (moderately wounded, poisoned)
You freeze Crazy Yiuf.
Crazy Yiuf is moderately wounded.
Crazy Yiuf hits you with a +3 quarterstaff of chaos.
Casting: Freeze (safe; 6% risk of failure)
Confirm with . or Enter, or press ? or * to list all spells.
You don't know that spell.
Unknown command.
You hit Crazy Yiuf.
Crazy Yiuf is heavily wounded.
Crazy Yiuf hits you with a +3 quarterstaff of chaos!
Casting: Freeze (safe; 6% risk of failure)
Confirm with . or Enter, or press ? or * to list all spells.
The spell is quite dangerous to miscast (45% risk of failure)!
Continue anyway?
Aiming: Sticky Flame (quite dangerous; 45% risk of failure)
Press: ? - help, Shift-Dir - straight line, f/p - Crazy Yiuf
Aim: Crazy Yiuf, wielding a +3 quarterstaff of chaos and wearing a +0 cloak (heavily wounded, poisoned, 100% to hit)
You miscast Sticky Flame.
Heat runs through your body. You resist. Crazy Yiuf closely misses you.
You hit Crazy Yiuf.
Crazy Yiuf is severely wounded.
Crazy Yiuf looks more healthy.
Crazy Yiuf hits you with a +3 quarterstaff of chaos! x2
You barely miss Crazy Yiuf.
Crazy Yiuf is severely wounded.
Crazy Yiuf hits you with a +3 quarterstaff of chaos!
* * * LOW HITPOINT WARNING * * *
You feel drained.
You barely miss Crazy Yiuf.
Crazy Yiuf is severely wounded.
Crazy Yiuf hits you with a +3 quarterstaff of chaos!
You die...

##.# #.#
##.## #[#
#.# ##).)#
#.#####.##
#))))#
#........#
#))))#
#######.##
♣)P))♣ ..#
♣.)P♣♣
#### ♣♣.♣♣
♣.♣♣ ♣♣@♣
♣g♣♣ ♣♣.♣
#'# ...
#...#
#..)#
#####


You could see Crazy Yiuf.

Vanquished Creatures
  Grinder (D:3)
  Sigmund (D:5)
  Edmund (D:5)
  A scorpion (D:5)
  A bullfrog zombie (D:5)
  A bullfrog skeleton (D:5)
  A hound (D:5)
  Ijyb (D:3)
  2 iguanas (D:5)
  An orc wizard (D:5)
  Robin (D:3)
  7 gnolls (D:5)
  6 adders
  A worm (D:3)
  2 dart slugs
  7 orcs
  9 endoplasms
  4 giant cockroaches (D:1)
  9 hobgoblins
  7 kobolds
  3 quokkas
  10 ball pythons
  2 bats
  4 frilled lizards
  18 goblins
  5 rats
106 creatures vanquished.

Notes
Turn   | Place    | Note
-------+----------+-------------------------------------------
     0 | D:1      | infinitevox the Demonspawn Wanderer began the quest for the
                  | Orb.
     0 | D:1      | infinitevox set off with the following items: a +2 short
                  | sword, a +0 helmet, a +0 robe; and the following spell
                  | memorised: Sting; and the following spells available to
                  | memorise: Spider Form
     0 | D:1      | Reached XP level 1. HP: 16/16 MP: 2/2
   263 | D:1      | Gained mutation: You may rarely emit foul miasma when
                  | damaged in melee. [demonic ancestry]
   263 | D:1      | Reached XP level 2. HP: 19/22 MP: 0/3
   648 | D:1      | Found a faded altar of an unknown god.
   707 | D:1      | Prayed at the altar of an unknown god.
   707 | D:1      | Became a worshipper of Vehumet
   707 | D:1      | Reached * piety under Vehumet
   707 | D:1      | Offered knowledge of Freeze by Vehumet.
   710 | D:1      | Learned a level 1 spell: Freeze
   896 | D:1      | Gained mutation: You regenerate magic rapidly. [demonic
                  | ancestry]
   896 | D:1      | Reached XP level 3. HP: 27/27 MP: 1/4
  1377 | D:2      | Reached ** piety under Vehumet
  1408 | D:2      | Offered knowledge of Shock by Vehumet.
  1516 | D:2      | Learned a level 1 spell: Shock
  1568 | D:2      | Gained mutation: You are partially covered in razor-sharp
                  | scales. (AC +1, Slay +1) [demonic ancestry]
  1568 | D:2      | Reached XP level 4. HP: 34/34 MP: 3/6
  2243 | D:3      | Noticed Robin
  2247 | D:3      | Killed Robin
  2251 | D:3      | Offered knowledge of Frozen Ramparts by Vehumet.
  2355 | D:3      | Noticed Grinder
  2359 | D:3      | Killed Grinder
  2360 | D:3      | Reached skill level 3 in Fighting
  2360 | D:3      | Reached XP level 5. HP: 34/41 MP: 7/9
  2360 | D:3      | Reached XP level 6. HP: 39/47 MP: 7/10
  2545 | D:3      | Noticed Ijyb
  2561 | D:3      | Reached *** piety under Vehumet
  2573 | D:3      | Killed Ijyb
  2808 | D:4      | You fall into a shaft and drop 2 floors!
  2808 | D:6      | Noticed a four-headed hydra
  2812 | D:5      | Entered Level 5 of the Dungeon
  2815 | D:5      | Reached skill level 4 in Fighting
  3205 | D:5      | Reached skill level 5 in Fighting
  3350 | D:5      | Gained mutation: Your touch may inflict minor irresistible
                  | damage on your foes. [demonic ancestry]
  3350 | D:5      | Reached XP level 7. HP: 56/56 MP: 11/11
  3456 | D:5      | Offered knowledge of Sticky Flame by Vehumet.
  3465 | D:5      | Reached skill level 1 in Armour
  3471 | D:5      | Reached skill level 1 in Unarmed Combat
  3471 | D:5      | Reached skill level 1 in Evocations
  3476 | D:5      | Learned a level 4 spell: Sticky Flame
  3626 | D:5      | Noticed Edmund
  3641 | D:5      | Killed Edmund
  3882 | D:5      | Noticed Sigmund
  3914 | D:5      | Killed Sigmund
  4262 | D:5      | Found a runed translucent door.
  4263 | D:5      | Noticed Crazy Yiuf
  4277 | D:5      | Slain by Crazy Yiuf

Illustrated notes

Levels and vault maps discovered:
D:1:      ebering_trefoil_3fold, layout_loops_ring,
          hellmonk_ecumenical_altar_crossroads
D:2:      layout_rooms, serial_aquarium, aquarium_bridge_straight
          [aquarium_subvault_bridge, aquarium_subvault_wall,
          aquarium_subvault_bridge, aquarium_subvault_wall],
          aquarium_bridge_square [aquarium_subvault_wall,
          aquarium_subvault_wall, aquarium_subvault_bridge,
          aquarium_subvault_window], aquarium_window_corridor_3,
          aquarium_window_2, aquarium_view_2b
D:3:      kennysheep_the_goblin_king, layout_rooms, uniq_grinder, uniq_robin
D:4:      minmay_inner_zag, layout_basic, nicolae_dithmenos_the_darkroom,
          minmay_temple_entry_glass, palyth_stone_intersect, st_stairs_5,
          hangedman_abyss_or_decor_stagger, uniq_duvessa, uniq_blork_the_orc
D:5:      layout_loops_ring, uniq_sigmund, uniq_edmund, uniq_crazy_yiuf_cottage
D:6:      layout_cave_pools, mainiacjoe_overflow_boulevard,
          gammafunk_ghost_arena, kb_rosetta, uniq_menkaure

Skill      XL: |  1  2  3  4  5  6  7 |
---------------+----------------------+-----
Short Blades   | 3 |  3.0
Dodging        | 2 3 4 |  4.0
Poison Magic   | 2 |  2.0
Spellcasting   | 3 |  3.0
Fighting       | 3 5 |  5.0
Armour         | 2 |  2.5
Unarmed Combat | 2 |  2.4
Evocations     | 2 |  2.7
Invocations    | |  1.2

Action                   |  1- 3 |  4- 6 |  7- 9 || total
-------------------------+-------+-------+-------++-------
Melee: Short sword       |    88 |     2 |       ||    90
       Quarterstaff      |       |   101 |    37 ||   138
 Cast: Sting             |    39 |    22 |    10 ||    71
       Freeze            |     2 |     3 |     2 ||     7
       Sticky Flame      |       |       |     1 ||     1
       Shock             |       |       |     1 ||     1
  Use: Scroll            |       |       |     4 ||     4
       Potion            |       |       |     3 ||     3
 Stab: Sleeping          |     1 |       |       ||     1
       Distracted        |       |     2 |       ||     2
Armor: Robe              |    18 |    26 |     5 ||    49
Dodge: Dodged            |    47 |    61 |    19 ||   127
